 Dungeon Crawl Stone Soup version 0.24.0-13-gcf9b3192b9 (webtiles) character file.

Game seed: 5412067481785691756, levelgen mode: deterministic

1021 tilp the Shield-Bearer (level 8, 0/42 HPs)
             Began as a Tengu Air Elementalist on Nov 9, 2019.
             Was a Follower of Vehumet.
             Slain by an iron imp (8 damage)
             ... summoned by Eustachio
             ... on level 5 of the Dungeon.
             The game lasted 00:11:12 (5056 turns).

tilp the Shield-Bearer (Tengu Air Elementalist)     Turns: 5056, Time: 00:11:14

Health: 0/42       AC:  5    Str:  8    XL:     8   Next: 22%
Magic:  8/21       EV: 15    Int: 17    God:    Vehumet [*.....]
Gold:   212        SH:  0    Dex: 16    Spells: 5/11 levels left

rFire    . . .     SeeInvis .   a - +1 whip (elec)
rCold    + . .     Gourm    .   (no shield)
rNeg     . . .     Faith    .   y - +2 leather armour {MR+}
rPois    .         Spirit   .   (helmet restricted)
rElec    .         Reflect  .   (no cloak)
rCorr    .         Harm     .   (no gloves)
MR       +....                  (boots unavailable)
Stlth    ++........             q - amulet of magic regeneration
HPRegen  0.14/turn              h - ring of magical power
MPRegen  0.42/turn              j - ring of protection from cold

@: lethally poisoned (0 -> -5), flying quickly and evasively, quick
A: beak, talons 3, able to fly
a: Stop Flying, Renounce Religion


You were on level 5 of the Dungeon.
You worshipped Vehumet.
Vehumet was aware of your devotion.
You were not hungry.

You visited 1 branch of the dungeon, and saw 5 of its levels.

You collected 212 gold pieces.

Inventory:

Hand Weapons
 a - a +1 whip of electrocution (weapon)
 b - a +0 hunting sling
 B - a +3 halberd
Missiles
 f - 215 stones
 t - 4 atropa-tipped darts (quivered)
Armour
 p - a +0 buckler
 y - a +2 leather armour of magic resistance (worn)
Jewellery
 h - a ring of magical power (left hand)
 j - a ring of protection from cold (right hand)
 q - an amulet of magic regeneration (around neck)
Wands
 r - a wand of flame (15)
 x - a wand of digging (3)
Scrolls
 g - a scroll of enchant weapon {unknown}
 i - a scroll of remove curse
 l - 2 scrolls of fog {unknown}
 n - a scroll of magic mapping {unknown}
 v - 2 scrolls of teleportation
 z - a scroll of amnesia {unknown}
 A - a scroll of enchant armour {unknown}
 D - a scroll of identify
Potions
 d - a potion of lignification {unknown}
 k - 2 potions of magic
 m - a potion of haste {unknown}
 o - a potion of resistance {unknown}
 s - a potion of might {unknown}
 u - a potion of agility {unknown}
 w - 3 potions of curing
 C - a potion of brilliance {unknown}
Comestibles
 c - 9 rations
 E - 2 chunks of flesh


   Skills:
 + Level 0.8 Fighting
 + Level 2.5 Dodging
 - Level 2.0 Stealth
 - Level 6.6 Shields
 - Level 2.0 Spellcasting
 - Level 6.3 Conjurations
 - Level 6.4 Air Magic


You had 5 spell levels left.
You knew the following spells:

 Your Spells              Type           Power        Failure   Level  Hunger
a - Shock                 Conj/Air       ###.         1%          1    #......
b - Swiftness             Chrm/Air       ##......     12%         2    ###....
c - Static Discharge      Conj/Air       ###.....     6%          3    ###....

Your spell library contained the following spells:

 Spells                   Type           Power        Failure   Level  Hunger
 Magic Dart               Conj           ###.         1%          1    #......
 Airstrike                Air            ###.......   21%         4    #####..
 Lightning Bolt           Conj/Air       ###.......   50%         5    ######.


Dungeon Overview and Level Annotations

Branches:
Dungeon (5/15)
 Temple: D:4-7

Altars:
Cheibriados
Nemelex Xobeh
Qazlal
Vehumet
Wu Jian

Annotations:
D:4 Grinder
D:5 Eustachio


Innate Abilities, Weirdness & Mutations

You have a beak for a mouth.
You have claws for feet.
You can fly continuously.


Message History

* * * LOW HITPOINT WARNING * * *
The crimson imp blinks!
An iron imp is nearby!
You hit the iron imp.
You peck the iron imp, but do no damage.
The iron imp is lightly wounded.
The iron imp hits you!
* * * LOW HITPOINT WARNING * * *
Casting: Static Discharge (safe; 6% risk of failure)
Confirm with . or Enter, or press ? or * to list all spells.
Aiming: Shock (safe; 1% risk of failure)
Press: ? - help, Shift-Dir - straight line, f/p - Eustachio
Aim: Eustachio, wielding a +0 rapier and wearing a +0 leather armour (almost dead)
The zap hits the worker ant.
The worker ant is moderately wounded.
The zap misses Eustachio.
The worker ant bites you.
* * * LOW HITPOINT WARNING * * *
You are poisoned.
The worker ant poisons you! The iron imp hits you!
You die...

########.##############....
...........# ... ......
##########.#######.####....
......................##
.####.....####...#.#..##
#5.##...##.)#..........
#..o##.##...#.....#..##
#5a.#5#...##...>.#..# ..
#@'#@#'.##......#..##
....###a..###....####....
......@.8.).(............
#...###...###.....###.###
#. ##.'#.#'.##........#
##..÷#.#...##...###.#
#...##.##...#..÷.##.###
#..##...##.)#..........
.####.....####.......#..


You could see Eustachio, a worker ant and an iron imp.

Vanquished Creatures
  An unseen horror (D:5)
  2 centaurs (D:5)
  A gnoll shaman (D:3)
  An orc priest (D:5)
  A bullfrog skeleton (D:5)
  A centaur skeleton (D:5)
  Ijyb (D:3)
  An orc wizard (D:5)
  4 gnolls (D:3)
  3 adders
  A shadow imp (D:5)
  An adder skeleton (D:4)
  2 worms
  2 dart slugs (D:1)
  8 leopard geckos
  4 orcs
  10 bats
  8 giant cockroaches
  8 hobgoblins
  4 jackals
  6 kobolds
  A quokka (D:5)
  3 frilled lizards
  11 goblins
  A jackal skeleton (D:5)
  5 rats (D:1)
91 creatures vanquished.

Notes
Turn   | Place    | Note
-------+----------+-------------------------------------------
     0 | D:1      | tilp the Tengu Air Elementalist began the quest for the
                  | Orb.
     0 | D:1      | Reached XP level 1. HP: 10/10 MP: 4/4
   178 | D:1      | Reached XP level 2. HP: 15/15 MP: 3/6
   598 | D:1      | Learned a level 2 spell: Swiftness
   755 | D:1      | Reached XP level 3. HP: 19/19 MP: 3/7
   762 | D:1      | Learned a level 3 spell: Static Discharge
  1726 | D:2      | Found a sparkling altar of Nemelex Xobeh.
  2004 | D:2      | Found an ornate altar of the Wu Jian Council.
  2473 | D:3      | Reached XP level 4. HP: 24/24 MP: 8/8
  2525 | D:3      | Found a radiant altar of Vehumet.
  2608 | D:3      | Became a worshipper of Vehumet
  2710 | D:3      | Found a stormy altar of Qazlal.
  3220 | D:3      | Noticed Ijyb
  3267 | D:3      | Killed Ijyb
  3267 | D:3      | Reached skill level 5 in Conjurations
  3267 | D:3      | Reached skill level 5 in Air Magic
  3267 | D:3      | Gained mutation: You can fly continuously. [Tengu growth]
  3267 | D:3      | Reached XP level 5. HP: 25/28 MP: 9/9
  3947 | D:4      | Reached * piety under Vehumet
  3947 | D:4      | Offered knowledge of Magic Dart by Vehumet.
  3989 | D:4      | Noticed Grinder
  4001 | D:5      | Entered Level 5 of the Dungeon
  4233 | D:5      | Noticed a centaur
  4245 | D:5      | Killed a centaur
  4245 | D:5      | Reached XP level 6. HP: 24/32 MP: 10/10
  4344 | D:5      | Reached skill level 1 in Shields
  4406 | D:4      | Found a snail-covered altar of Cheibriados.
  4714 | D:5      | Reached XP level 7. HP: 17/36 MP: 11/11
  4735 | D:5      | Killed an unseen horror
  4735 | D:5      | Reached XP level 8. HP: 11/41 MP: 12/12
  5043 | D:5      | Noticed Eustachio
  5056 | D:5      | Slain by an iron imp

Levels and vault maps discovered:
D:1:      ebering_hopf_link, layout_basic, minmay_pentomino_w4
D:2:      layout_loops_cross, lemuel_crystal_altar,
          nemelex_xobeh_ov_fountains_minmay
D:3:      kennysheep_goblin_castle, layout_basic, old_standard_altar,
          nicolae_qazlal_general_emergency
D:4:      layout_basic, lemuel_coloured_pillars_altar,
          nicolae_overflow_hidden_temple, uniq_grinder, uniq_crazy_yiuf_cottage
D:5:      cheibrodos_barr_body, layout_basic, first_ration, zaba_anthole,
          uniq_eustachio

Skill      XL: |  1  2  3  4  5  6  7 |
---------------+----------------------+-----
Conjurations   | 2 3 4 5 6 |  6.3
Air Magic      | 5 6 |  6.4
Shields        | 3 6 |  6.6
Fighting       | |  0.8
Dodging        | |  2.5
Stealth        | |  2.0
Spellcasting   | |  2.0

Action                   |  1- 3 |  4- 6 |  7- 9 || total
-------------------------+-------+-------+-------++-------
Melee: Halberd           |       |     6 |       ||     6
       Whip              |       |    32 |    16 ||    48
       Kick              |       |     8 |     5 ||    13
       Peck              |       |     7 |     2 ||     9
Throw: Dart              |       |       |     2 ||     2
 Cast: Shock             |    81 |    75 |     9 ||   165
       Static Discharge  |       |     1 |     6 ||     7
 Abil: Fly               |       |     1 |       ||     1
  Use: Scroll            |     1 |     5 |       ||     6
       Potion            |       |     1 |     2 ||     3
 Stab: Sleeping          |       |     2 |       ||     2
  Eat: Chunk             |     6 |     8 |     2 ||    16
Armor: Leather armour    |     2 |    12 |     9 ||    23
Dodge: Dodged            |     8 |    35 |    18 ||    61
